AoeStats
← thomas89671173

Oasis

508571590Analyzed
4v4 RM · 10d ago on Sep 23, 2026· 45m 2s· 8 players
Game mode
Random Map
Map size
Large (8 player)
Population
200
Speed
Normal
Resources
Standard
Victory
Conquest
Starting age
Dark Age
Ending age
Imperial Age
RankedLock teamsTeams togetherTeam positionsShared explorationLock speedFull tech treeHidden civsTurbo modeCheats
Victory
Defeat
🇦🇺 Bulgarians · Australia
1407
+13
🇺🇸 Danes · United States
1397
+13
🇨🇴 Lithuanians · Colombia
1380
+14
🇹🇼 Franks · Taiwan
1357
+15
🇦🇷 Varangians · Argentina
1373
-14
🇦🇷 Japanese · Argentina
1338
-14
🇦🇷 Franks · Argentina
1337
-14
🇨🇱 Chinese · Chile
1318
-13
BlueIce
10:26 Feudal Age
11:38 Loom
15:54 Castle Age
14:32 Double-Bit Axe
14:57 Horse Collar
17:15 Bow Saw
29:18 Pikeman
33:13 Wheelbarrow
33:59 Scale Mail Armor
34:10 Forging
34:30 Hand Cart
34:25 Heavy Plow
36:01 Chain Mail Armor
39:18 Iron Casting
40:26 Squires
44:46 Arson
maxwell54
10:10 Feudal Age
14:48 Castle Age
13:03 Double-Bit Axe
13:17 Horse Collar
15:04 Wheelbarrow
16:01 Bow Saw
17:08 Heavy Plow
21:44 Scale Barding Armor
22:57 Bloodlines
22:42 Gold Mining
26:27 Loom
28:39 Hand Cart
30:01 Light Cavalry
31:17 Chain Barding Armor
31:21 Husbandry
32:29 Forging
37:40 Imperial Age
37:32 Town Watch
39:09 Plate Barding Armor
38:16 Cavalier
39:42 Iron Casting
40:20 Conscription
42:25 Paladin
thomas89671173
7:10 Loom
9:20 Feudal Age
13:22 Forging
20:49 Castle Age
19:47 Scale Barding Armor
20:27 Double-Bit Axe
21:40 Wheelbarrow
22:00 Chain Barding Armor
21:54 Bow Saw
24:33 Husbandry
29:45 Iron Casting
33:11 Hand Cart
33:07 Town Watch
35:49 Gold Mining
35:50 Stone Mining
41:28 Imperial Age
40:37 Gold Shaft Mining
41:31 Cavalier
42:48 Plate Barding Armor
43:14 Blast Furnace
42:37 Conscription
42:20 Chivalry
42:49 Paladin
Phenytoin
7:27 Loom
9:43 Feudal Age
10:27 Double-Bit Axe
10:23 Horse Collar
20:31 Castle Age
19:56 Scale Barding Armor
20:39 Forging
21:45 Bow Saw
21:36 Heavy Plow
21:57 Chain Barding Armor
26:48 Fletching
28:04 Gold Mining
29:31 Bodkin Arrow
32:40 Iron Casting
32:10 Scale Mail Armor
33:45 Arson
34:00 Squires
35:55 Chain Mail Armor
36:06 Stone Mining
37:01 Bloodlines
36:52 Husbandry
38:24 Wheelbarrow
38:32 Gold Shaft Mining
41:28 Imperial Age
41:51 Stone Shaft Mining
42:44 Stirrups
43:35 Plate Barding Armor
42:28 Capped Ram
44:07 Hand Cart
43:20 Siege Ram
43:32 Elite Konnik
44:57 Caravan
pabloescobaralfaro.26
0:26 Loom
9:27 Feudal Age
10:10 Double-Bit Axe
19:38 Fletching
19:56 Horse Collar
23:54 Castle Age
23:03 Padded Archer Armor
24:01 Crossbowman
24:57 Bodkin Arrow
28:38 Gold Mining
<Nabucotorneo>
1:24 Loom
10:59 Feudal Age
16:09 Castle Age
14:58 Double-Bit Axe
16:13 Man-at-Arms
16:58 Scale Mail Armor
16:45 Town Watch
18:17 Squires
18:35 Gambesons
19:36 Arson
19:45 Long Swordsman
22:02 Chain Mail Armor
22:56 Forging
23:31 Sanctity
24:15 Horse Collar
24:26 Gold Mining
25:50 Wheelbarrow
27:31 Hand Cart
29:57 Redemption
31:14 Fletching
32:44 Guard Tower
35:48 Imperial Age
33:50 Ballistics
34:37 Gold Shaft Mining
35:13 Iron Casting
36:20 Bodkin Arrow
36:05 Pikeman
37:12 Bow Saw
38:19 Chemistry
37:42 Capped Ram
42:28 Conscription
44:59 Hoardings
BocaJuniorsElMasGrande
3:18 Loom
4:01 Loom
4:32 Loom
5:21 Loom
9:13 Feudal Age
9:57 Double-Bit Axe
12:15 Wheelbarrow
13:01 Horse Collar
19:23 Castle Age
18:22 Forging
19:01 Scale Barding Armor
19:57 Bloodlines
19:45 Light Cavalry
20:26 Husbandry
21:49 Iron Casting
25:04 Chain Barding Armor
27:56 Bow Saw
27:49 Heavy Plow
28:33 Loom
36:09 Hand Cart
37:13 Fletching
38:51 Bodkin Arrow
40:54 Gold Mining
40:54 Stone Mining
46:48 Imperial Age
TanjiroK
6:30 Loom
9:05 Feudal Age
9:52 Double-Bit Axe
12:55 Scale Barding Armor
16:12 Forging
18:51 Wheelbarrow
22:23 Castle Age
24:46 Chain Barding Armor
32:23 Iron Casting
38:43 Imperial Age
36:13 Town Watch
38:47 Cavalier
41:58 Plate Barding Armor
43:46 Blast Furnace
43:11 Scale Mail Armor
42:33 Pikeman
43:13 Squires
42:59 Arson
44:19 Chain Mail Armor
43:59 Fletching
Connection lost

Rejoining the realm…

Still unreachable

The connection could not be restored.

Session expired

The server has moved on; the page needs a fresh start.